 Dungeon Crawl Stone Soup version 0.31-a0-237-g2d982f9f85 (webtiles) character file.

Game seed: 4668970770767819481

308 arthad the Digger (level 6, 0/41 HPs)
             Began as a Formicid Earth Elementalist on July 11, 2023.
             Succumbed to Ijyb's poison
             ... on level 3 of the Dungeon.
             The game lasted 00:05:50 (2132 turns).

arthad the Digger (Formicid Earth Elementalist)     Turns: 2132, Time: 00:05:51

Health: 0/41       AC:  2    Str: 13    XL:     6   Next: 68%
Magic:  10/11      EV: 22    Int: 16    God:
Gold:   147        SH:  0    Dex: 14    Spells: 11/12 levels left

rFire   . . .        g - +0 dagger (venom)
rCold   . . .        (no shield)
rNeg    . . .        a - +0 robe
rPois   .            (helmet unavailable)
rElec   .            (no cloak)
rCorr   .            (no gloves)
SInv    +            (no boots)
Will    .....        (no amulet)
Stlth   +++          i - ring of the Hare {EV+10}
HPRegen 0.26/turn    (no ring)
MPRegen 0.12/turn

%: no passive effects
@: lethally poisoned (0 -> -16), attractive
A: permanent stasis, dig shafts and tunnels, antennae 3, four strong arms
a: Dig, Shaft Self


You were on level 3 of the Dungeon.
You visited 1 branch of the dungeon, and saw 3 of its levels.

You collected 147 gold pieces.

Inventory:

Hand Weapons
 g - a +0 dagger of venom (weapon)
Armour
 a - a +0 robe (worn)
Jewellery
 i - the ring of the Hare (left hand) {EV+10}
   (You found it on level 2 of the Dungeon)

   [ring of evasion]

   EV:        It affects your evasion (+10).
Wands
 j - a wand of flame (20)
Scrolls
 d - 3 scrolls of identify {unknown}
 e - a scroll of enchant armour {unknown}
 h - a scroll of butterflies {unknown}
 k - a scroll of acquirement {unknown}
 l - a scroll of vulnerability {unknown}
Potions
 f - 2 potions of attraction


   Skills:
 + Level 2.7 Dodging
 + Level 4.0 Stealth
 * Level 3.9 Spellcasting
 + Level 2.6 Transmutations
 * Level 5.3 Earth Magic


You had 11 spell levels left.
You knew the following spells:

 Your Spells              Type           Power      Damage    Failure   Level
a - Sandblast             Erth           40%        2d10      1%          1

Your spell library contained the following spells:

 Spells                   Type           Power      Damage    Failure   Level
 Passwall                 Tmut/Erth      12%        N/A       4%          2
 Stone Arrow              Conj/Erth      22%        3d8       17%         3
 Petrify                  Tmut/Erth      15%        N/A       32%         4


Dungeon Overview and Level Annotations

Branches:
Dungeon (3/15)

Altars:
Hepliaklqana
Nemelex Xobeh

Annotations:
D:3 Ijyb


Innate Abilities, Weirdness & Mutations

You cannot be hasted, slowed, berserked, paralysed or teleported.
You can dig through walls and to a lower floor.
You have a pair of large antennae on your head. (SInv)
Your four strong arms can wield two-handed weapons with a shield.


Message History

Press: ? - help, Shift-Dir - straight line, f/p - Ijyb
Aim: Ijyb, wielding a +2 dagger of venom, wearing a +0 ring mail and carrying a wand of iceblast (1) (heavily wounded, 81% to hit)
The blast of sand hits Ijyb but does no damage.
Ijyb is heavily wounded.
Ijyb closely misses you.
Casting: Sandblast (safe; 1% risk of failure)
Confirm with . or Enter, or press ? or * to list all spells.
Aiming: Sandblast (safe; 1% risk of failure)
Press: ? - help, Shift-Dir - straight line, f/p - Ijyb
Aim: Ijyb, wielding a +2 dagger of venom, wearing a +0 ring mail and carrying a wand of iceblast (1) (heavily wounded, 81% to hit)
The blast of sand hits Ijyb.
Ijyb is almost dead.
Ijyb hits you but does no damage.
Ijyb hits you with a +2 dagger of venom.
You are poisoned.
Magic courses through your body.
You feel very sick.
Ijyb hits you with a +2 dagger of venom.
* * * LOW HITPOINT WARNING * * *
You are lethally poisoned!
Casting: Sandblast (safe; 1% risk of failure)
Confirm with . or Enter, or press ? or * to list all spells.
Aiming: Sandblast (safe; 1% risk of failure)
Press: ? - help, Shift-Dir - straight line, f/p - Ijyb
Aim: Ijyb, wielding a +2 dagger of venom, wearing a +0 ring mail and carrying a wand of iceblast (1) (almost dead, 81% to hit)
The blast of sand hits Ijyb but does no damage.
Ijyb is almost dead.
* * * LOW HITPOINT WARNING * * *
You feel very sick.
Ijyb hits you with a +2 dagger of venom.
* * * LOW HITPOINT WARNING * * *
You are more poisoned.
Casting: Sandblast (safe; 1% risk of failure)
Confirm with . or Enter, or press ? or * to list all spells.
Aiming: Sandblast (safe; 1% risk of failure)
Press: ? - help, Shift-Dir - straight line, f/p - Ijyb
Aim: Ijyb, wielding a +2 dagger of venom, wearing a +0 ring mail and carrying a wand of iceblast (1) (almost dead, 81% to hit)
The blast of sand hits Ijyb.
Ijyb is almost dead.
You die...

#.# #.# #.# #####
#.# ##...# #.#
....###.# ##..
#....##g# ....
#..#.##@# ###...
#..#.##.# ##.##..#
#.......#
#.^.##..##.##.####
^._.^##..#.##.#
......##...##.#
......^##.....#
#####...#.#####
#.#.#'.##.#


You could see Ijyb.

Vanquished Creatures
  Sigmund (D:2)
  Jessica (D:2)
  Natasha (thrice) (D:2)
  An adder (D:2)
  A worm (D:2)
  A dart slug (D:2)
  3 bats
  5 endoplasms
  2 giant cockroaches
  6 goblins
  3 hobgoblins
  A quokka (D:1)
  2 ball pythons
  2 frilled lizards (D:1)
  2 kobolds
  5 rats
39 creatures vanquished.

Notes
Turn   | Place    | Note
-------+----------+-------------------------------------------
     0 | D:1      | arthad the Formicid Earth Elementalist began the quest for
                  | the Orb.
     0 | D:1      | Reached XP level 1. HP: 13/13 MP: 3/3
   177 | D:1      | Reached XP level 2. HP: 19/19 MP: 3/5
   992 | D:2      | Reached skill level 4 in Earth Magic
   992 | D:2      | Reached XP level 3. HP: 7/24 MP: 0/7
  1244 | D:2      | Found a hazy altar of Hepliaklqana.
  1257 | D:2      | Noticed Natasha
  1260 | D:2      | Killed Natasha
  1261 | D:2      | Reached XP level 4. HP: 20/30 MP: 4/8
  1307 | D:2      | Found a faded altar of an unknown god.
  1309 | D:2      | Found the ring of the Hare {EV+10}
  1415 | D:2      | Noticed Sigmund
  1433 | D:2      | Killed Sigmund
  1434 | D:2      | Reached skill level 5 in Earth Magic
  1434 | D:2      | Reached XP level 5. HP: 32/35 MP: 2/10
  1434 | D:2      | Reached XP level 6. HP: 37/41 MP: 2/11
  1516 | D:2      | Noticed Jessica
  1523 | D:2      | Killed Jessica
  1650 | D:2      | Noticed Natasha
  1670 | D:2      | Killed Natasha
  1821 | D:2      | Noticed Natasha
  1824 | D:2      | Killed Natasha
  2079 | D:3      | Found a sparkling altar of Nemelex Xobeh.
  2109 | D:3      | Noticed Ijyb
  2132 | D:3      | Succumbed to Ijyb's poison

Illustrated notes

Levels and vault maps discovered:
D:1:      pf_arrival_petrified_forest, layout_basic
D:2:      layout_basic, chequers_ecumenical_altar_island, basic_altar,
          uniq_jessica, uniq_sigmund, uniq_natasha
D:3:      layout_loops_corners, mainiacjoe_overflow_alcove_4,
          nemelex_spade_bored_becter, uniq_ijyb, uniq_terence

Skill      XL: |  1  2  3  4  5  6 |
---------------+-------------------+-----
Dodging        | 2 |  2.7
Earth Magic    | 4 5 |  5.3
Stealth        | 3 4 |  4.0
Spellcasting   | 3 |  3.9
Transmutations | 2 |  2.6

Action                     |  1- 3 |  4- 6 || total
---------------------------+-------+-------++-------
  Melee: Unarmed           |    18 |       ||    18
         Punch             |     1 |       ||     1
         Dagger            |       |     1 ||     1
   Cast: Sandblast         |    40 |    44 ||    84
    Use: Potion            |       |     5 ||     5
 Armour: Robe              |     4 |     2 ||     6
  Dodge: Dodged            |    20 |    21 ||    41

Table legend: (Time is in decaauts)
 A = Elapsed time spent in this place.
 B = Non-inter-level travel time spent in this place.
 C = Inter-level travel time spent in this place.
 D = Time resting spent in this place.
 E = Time spent auto-exploring this place.
 F = Levels seen in this place.
 G = Mean time per level.
                   A        B        C        D        E       F      G
               +--------+--------+--------+--------+--------+-----+--------+
         Total |   2172 |   2118 |     54 |     61 |   1714 |   3 |  724.0 |
       Dungeon |   2172 |   2118 |     54 |     61 |   1714 |   3 |  724.0 |
               +--------+--------+--------+--------+--------+-----+--------+

Top non-repeatable levels by time:
     D:2: 998 daAuts
     D:1: 985 daAuts
     D:3: 189 daAuts
